AoeStats
← D-J_t00th

Arena

505083591Analyzed
2v2 RM · 23d ago on Sep 7, 2026· 45m 30s· 4 players
Game mode
Random Map
Map size
Medium (4 player)
Population
200
Speed
Normal
Resources
Standard
Victory
Conquest
Starting age
Dark Age
Ending age
Imperial Age
RankedLock teamsTeams togetherTeam positionsShared explorationLock speedFull tech treeHidden civsTurbo modeCheats
Victory
Defeat
🇷🇴 Vietnamese · Romania
948
+19
🇷🇴 Goths · Romania
873
+37
🇺🇸 Franks · United States
949
-53
🇨🇦 Portuguese · Canada
949
-53
D-J_t00th
4:39 Loom
13:45 Feudal Age
19:14 Wheelbarrow
19:27 Gold Mining
19:28 Double-Bit Axe
25:39 Castle Age
24:56 Bloodlines
26:19 Scale Barding Armor
26:25 Forging
26:15 Scale Mail Armor
25:44 Pikeman
26:13 Gambesons
26:15 Arson
27:12 Husbandry
30:44 Horse Collar
31:31 Heavy Plow
34:18 Hand Cart
36:53 Chain Barding Armor
37:09 Iron Casting
36:50 Chain Mail Armor
41:28 Town Watch
WhiskeryEmu95
7:57 Loom
10:47 Feudal Age
15:19 Castle Age
24:03 Coinage
24:35 Wheelbarrow
23:47 Town Watch
24:25 Double-Bit Axe
24:34 Stone Mining
24:35 Gold Mining
26:11 Fervor
26:02 Devotion
27:55 Gold Shaft Mining
27:34 Bow Saw
28:07 Sanctity
29:54 Heresy
29:57 Hand Cart
30:29 Squires
30:44 Forging
30:40 Scale Barding Armor
30:27 Fletching
31:24 Padded Archer Armor
31:25 Scale Mail Armor
32:04 Ballistics
31:41 Murder Holes
32:00 Fortified Wall
32:01 Masonry
33:29 #83
33:35 Chain Barding Armor
37:05 Imperial Age
35:32 Bodkin Arrow
36:13 Iron Casting
36:20 Chain Mail Armor
36:22 Leather Archer Armor
36:13 Husbandry
38:28 Conscription
37:32 Cavalier
39:54 Paladin
41:33 Elite Throwing Axeman
41:42 Paladin
42:29 Chivalry
45:22 Hoardings
Hodorka Uborka
3:37 Loom
12:11 Feudal Age
14:10 Double-Bit Axe
19:35 Castle Age
17:46 Horse Collar
20:46 Heavy Plow
21:06 Bow Saw
22:15 Gold Mining
22:16 Stone Mining
23:37 Wheelbarrow
23:46 Town Watch
26:12 Hand Cart
29:49 Anarchy
30:10 Forging
34:22 Imperial Age
32:31 Squires
31:52 Pikeman
32:38 Town Patrol
32:06 Man-at-Arms
34:18 Iron Casting
33:43 Scale Mail Armor
34:36 Halberdier
35:40 Masonry
36:32 Chemistry
35:52 Ballistics
36:12 Stone Shaft Mining
36:36 Chain Mail Armor
37:21 Blast Furnace
36:46 Conscription
36:26 Perfusion
36:10 Long Swordsman
37:41 Fletching
38:57 Two-Handed Swordsman
40:18 Architecture
39:45 Murder Holes
40:31 Champion
41:51 Bodkin Arrow
41:50 Heated Shot
42:39 Crop Rotation
42:41 Elite Huskarl
45:00 Sanctity
44:42 Devotion
Teodore Karstark
10:07 Feudal Age
11:05 Double-Bit Axe
11:04 Horse Collar
17:17 Castle Age
19:53 Heavy Plow
20:04 Bow Saw
21:55 Elite Skirmisher
23:58 Wheelbarrow
24:46 Hand Cart
26:48 Husbandry
26:58 Bloodlines
32:58 Imperial Age
30:40 Thumb Ring
30:31 Fletching
30:47 Scale Barding Armor
30:42 Padded Archer Armor
31:11 Gold Mining
31:11 Stone Mining
32:07 Chatras
34:45 Two-Man Saw
34:17 Crop Rotation
34:51 Chemistry
34:11 Ballistics
34:12 Leather Archer Armor
33:53 Bodkin Arrow
35:36 Paper Money
38:16 Imperial Skirmisher
41:05 Bracer
42:09 Chain Barding Armor
44:15 Ring Archer Armor
44:20 Plate Barding Armor
Connection lost

Rejoining the realm…

Still unreachable

The connection could not be restored.

Session expired

The server has moved on; the page needs a fresh start.